[Event "Mitropa Cup Open 2024"]
[Site "Apolda"]
[Date "2024.02.23"]
[Round "9.19"]
[White "Gnojek, Petr"]
[Black "Kollars, Dmitrij"]
[Result "0-1"]
[ECO "E51"]
[WhiteElo "2428"]
[BlackElo "2632"]
[Annotator "TA"]
[PlyCount "86"]
[EventDate "2024.02.15"]
[EventType "team-tourn"]
[EventCountry "GER"]
[SourceTitle "playchess.com"]
[Source "ChessBase"]
[SourceQuality "1"]
[WhiteTeam "Czech Republic"]
[BlackTeam "Germany"]
[WhiteTeamCountry "CZE"]
[BlackTeamCountry "GER"]
[TimeControl "40/5400+30:1800+30"]

1. d4 Nf6 2. c4 e6 3. Nc3 Bb4 4. Nf3 b6 5. Bd2 O-O 6. e3 d5 7. cxd5 exd5 8. Bd3 Re8 9. Ne5 Bd6 10. f4 {[%emt 0:00:21] The position is equal.} Ba6 11. Bxa6 Nxa6 12. a3 c5 13. O-O Nc7 14. Be1 cxd4 15. exd4 Ne4 16. Qh5 g6 17. Qh3 {[%emt 0:00:10][%cal Oe5f7] [#] And now Nxf7! would win.} f5 (17... Nxc3 $5 18. bxc3 f5 $16) 18. Bh4 Qc8 19. Rac1 Qe6 20. Qd3 Rec8 21. Nd1 (21. Rc2 $1 $14) 21... Ne8 22. Ne3 Rxc1 23. Rxc1 Rc8 $1 $132 {[%emt 0:00:04][%mdl 2048] Black is fighting back} 24. Rxc8 Qxc8 25. Qd1 {[%emt 0:00:05] Repels Qc1} Nc7 26. Qc2 (26. Be1 $11 {is superior.}) 26... Bxe5 $15 27. dxe5 Qd7 28. Qb3 (28. g4 $142) 28... Qc6 29. h3 Qc5 30. Kh1 Kf7 31. e6+ $2 {[%emt 0:04:16] Loses the game.} Kxe6 $19 32. Bd8 Nb5 {[%emt 0:01:12] Strongly threatening ...Nd4.} 33. Kh2 Nbd6 {[%emt 0:04:13] Hoping for ...Kd7.} 34. Bh4 {[%emt 0:02:10] White is weak on the light squares} Qd4 {[%emt 0:01:56] ...Nd2 would now be deadly. Active counter play!} 35. Nf1 Nc5 36. Qg3 Nd3 37. Kh1 Ne4 {[%emt 0:00:52] Against Qg5. Black is clearly winning.} (37... Nxf4 38. Qg5 Kd7 39. Qd8+ Kc6 40. Be7 $11) 38. Qf3 Nxb2 {[%emt 0:00:42] Excellent horsemanship.} 39. g4 Qd1 40. gxf5+ gxf5 41. Qg2 Kf7 {[%emt 0:31:18] [#] Threatens to win with ...Nd3.} 42. Kh2 Nc4 43. a4 Ncd2 {[%emt 0:00:00] Weighted Error Value: White=0.46/Black=0.09 (flawless) .  Loses game:     	White=1     	---        Mistake:       	White=3     	---        Inaccurate:     	White=2     	Black=2      OK:         	White=6     	Black=16     Best:        	White=1     	Black=2      Strong:       	---       	Black=1} 0-1

[Event "Mitropa Cup Open 2024"]
[Site "Apolda"]
[Date "2024.02.23"]
[Round "9.20"]
[White "Svane, Frederik"]
[Black "Nemec, Jachym"]
[Result "1-0"]
[ECO "B11"]
[WhiteElo "2625"]
[BlackElo "2393"]
[Annotator "TA"]
[PlyCount "87"]
[EventDate "2024.02.15"]
[EventType "team-tourn"]
[EventCountry "GER"]
[SourceTitle "playchess.com"]
[Source "ChessBase"]
[SourceQuality "1"]
[WhiteTeam "Germany"]
[BlackTeam "Czech Republic"]
[WhiteTeamCountry "GER"]
[BlackTeamCountry "CZE"]
[TimeControl "40/5400+30:1800+30"]

1. e4 c6 2. Nf3 d5 3. Nc3 Bg4 4. Be2 e6 5. h3 Bxf3 6. Bxf3 Nf6 7. d3 Bb4 8. O-O {[%emt 0:03:22] The position is equal.} Bxc3 9. bxc3 dxe4 10. dxe4 Qxd1 11. Rxd1 Nbd7 12. Bf4 O-O-O 13. Bd6 Nb6 14. Rd4 $1 {[%emt 0:00:16] Prevents Nc4} Rd7 15. a4 Rhd8 16. e5 Ne8 17. Bc5 {[%emt 0:00:17] White has more active pieces. This pair of bishops is nice.} Nd5 18. Bxa7 Nxc3 19. Rc4 Nd5 20. a5 Nec7 21. Rh4 h6 22. Bb6 Re8 23. g3 Na6 24. Kg2 Ndb4 25. Rc4 {[%emt 0:01:10] Black is weak on the dark squares} Nd5 26. h4 g6 27. Ra3 h5 28. Be2 Nb8 (28... Ne7 $142) 29. Rf3 $16 Nxb6 30. axb6 Rd2 {[%emt 0:00:40] [#]} (30... Ree7 $16 {might work better.}) 31. Rxf7 $1 $18 Nd7 32. Re4 Rxc2 {[%emt 0:01:10] [#]} 33. Rg7 $1 Nxb6 34. Rxg6 Nd5 (34... Rh8 $142 35. Rxe6 Nd5) 35. Bxh5 b5 36. Bg4 Kd7 37. h5 b4 (37... Rf8 $142 38. Bxe6+ (38. Rxe6 Rfxf2+ 39. Kg1 Rg2+ 40. Kf1 Rh2 $17) 38... Ke7) 38. h6 {[%emt 0:01:33] Rg7+ is the strong threat.} b3 39. Rg7+ Kd8 40. h7 {[%emt 0:04:47] White mates.} b2 41. Rg8 b1=Q 42. Rxe8+ Kxe8 43. h8=Q+ (43. h8=R+ $2 {loses.} Kf7 44. Rh7+ Kf8 (44... Kg6 $2 45. Bxe6 $19) 45. Bxe6 Rxf2+ 46. Kxf2 Qxe4 $19) 43... Ke7 44. Qg7+ {[%emt 0:00:29] Weighted Error Value: White=0.03 (flawless) /Black=0.37.  Mistake:       	---       	Black=4      Inaccurate:     	White=1     	Black=5      OK:         	White=15    	Black=11     Best:        	White=1     	Black=4      Strong:       	White=3     	---} 1-0